 Dungeon Crawl Stone Soup version 0.30-a0-782-ge64f9170bb (webtiles) character file.

Game seed: 12316750308438387590

158 Flugslaktarn the Covered (level 5, -3/47 HPs)
             Began as a Minotaur Fighter on Feb 18, 2023.
             Succumbed to their own poison gas
             ... on level 4 of the Dungeon.
             The game lasted 00:01:25 (2370 turns).

Flugslaktarn the Covered (Minotaur Fighter)         Turns: 2370, Time: 00:01:26

Health: -3/47      AC:  9    Str: 22    XL:     5   Next: 16%
Magic:  4/4        EV:  8    Int:  5    God:
Gold:   139        SH:  8    Dex: 10    Spells: 4/4 levels left

rFire   . . .      SeeInvis .    a - +0 war axe
rCold   . . .      Faith    .    v - +0 kite shield
rNeg    . . .      Spirit   .    b - +0 scale mail
rPois   .          Reflect  .    (helmet restricted)
rElec   .          Harm     .    (no cloak)
rCorr   .          Rampage  .    t - +0 pair of gloves
Will    .....                    A - +0 pair of boots Stlth
                                 (no amulet)
HPRegen 0.27/turn                (no ring)
MPRegen 0.09/turn                (no ring)

@: lethally poisoned (-3 -> -23)
A: horns 2, retaliatory headbutt
a: no special abilities


You were on level 4 of the Dungeon.
You visited 1 branch of the dungeon, and saw 4 of its levels.

You collected 139 gold pieces.

Inventory:

Hand Weapons
 a - a +0 war axe (weapon)
Missiles
 u - a throwing net (quivered)
Armour
 b - a +0 scale mail (worn)
 t - a +0 pair of gloves (worn)
   (You found it on level 3 of the Dungeon)
 v - a +0 kite shield (worn)
   (You found it on level 3 of the Dungeon)
 y - a +0 buckler
 A - a +0 pair of boots (worn)
   (You found it on level 3 of the Dungeon)
Jewellery
 c - a ring of protection from cold
   (You found it on level 3 of the Dungeon)
Scrolls
 h - a scroll of acquirement {unknown}
 i - a scroll of identify {unknown}
 j - 2 scrolls of immolation
 k - a scroll of fear {unknown}
 m - a scroll of vulnerability {unknown}
 n - a scroll of noise
 p - 3 scrolls of poison
 r - a scroll of torment {unknown}
 s - a scroll of teleportation {unknown}
 x - a scroll of fog {unknown}
 z - a scroll of blinking
Potions
 d - 2 potions of might
 e - a potion of brilliance {unknown}
 f - 2 potions of cancellation {unknown}
 g - a potion of heal wounds {unknown}
 l - a potion of ambrosia {unknown}
 o - a potion of degeneration {unknown}
 q - 4 potions of curing
 w - a potion of mutation {unknown}
 B - a potion of attraction {unknown}


   Skills:
 + Level 4.5 Fighting
 * Level 4.5 Axes
 + Level 4.5 Armour
 * Level 4.5 Shields


You had 4 spell levels left.
You didn't know any spells.
Your spell library was empty.

Dungeon Overview and Level Annotations

Branches:
Dungeon (4/15)
 Temple: D:4-7

Altars:
Ashenzari

Annotations:
D:4 Pikel


Innate Abilities, Weirdness & Mutations

You have a pair of horns on your head.
You reflexively headbutt those who attack you in melee.


Message History

The hobgoblin shouts!
You hear a shout!
You see here 15 gold pieces.
A hobgoblin is nearby!
A hobgoblin is nearby!
Found a scroll labelled AVUMEM NIZXA.
The hobgoblin barely misses you.
You slash the hobgoblin!
You kill the hobgoblin!
No target in view!
No target in view!
No target in view!
No target in view!
No target in view!
No target in view!
You now have 139 gold pieces (gained 15).
Found 6 stones.
B - a bubbling red potion
There is a stone staircase leading up here.
Pikel and a lemure come into view.
Pikel is wielding a +0 whip of electrocution and carrying a wand of roots (11).
The lemure shouts!
A lemure comes into view. 2 lemures come into view.
The lemure shouts! x3
Pikel zaps a wand.
The roots erupt in riotous growth!
The grasping roots grab you! The grasping roots constrict you.
You hear a shout! x2
The roots grasp on you weakens, but your attempt to escape fails.
The grasping roots constrict you!
You barely miss the lemure. Your headbutt misses the lemure.
The grasping roots constrict you!
The grasping roots release their grip on you.
You barely miss the lemure. Your headbutt misses the lemure. You slash Pikel!
A kobold comes into view. It is wielding a +0 club.
Pikel zaps a wand.
The roots erupt in riotous growth!
The grasping roots grab you!
The lemure is unaffected.
Pikel is unaffected.
The grasping roots constrict you. You block the lemure's attack.
You hear a shout! x5
You hit Pikel but do no damage.
Pikel is moderately wounded.
You closely miss the lemure. The lemure hits you but does no damage.
You block Pikel's attack. The grasping roots constrict you!
You barely miss Pikel.
Pikel is moderately wounded.
You hit the lemure. x2; The lemure hits you but does no damage.
Pikel hits you with a +0 whip of electrocution.
The grasping roots constrict you. The lemure hits you.
You block the lemure's attack. Pikel hits you but does no damage.
The grasping roots constrict you. The lemure hits you but does no damage.
The grasping roots release their grip on you.
Unknown command.
The kobold throws a stone.
The stone hits you.
* * * LOW HITPOINT WARNING * * *
As you read the scroll labelled HAYXATHR DUALLE, it crumbles to dust.
The creatures around you are filled with an inner flame!
It was a scroll of immolation.
You block the lemure's attack.
Unknown command.
It was a potion of curing.
You feel better.
q - 4 potions of curing;
g - an inky potion The lemure barely misses you.
The lemure hits you but does no damage. Pikel waves his whip at you.
Unknown command.
The lemure attacks as you move away! The lemure completely misses you.
The lemure attacks as you move away! The lemure hits you.
Pikel zaps a wand.
The roots erupt in riotous growth!
The lemure is unaffected. x3
The grasping roots grab you!
The lemure is unaffected.
The grasping roots constrict you!
You hear a shout! x4
The roots grasp on you weakens, but your attempt to escape fails.
The lemure hits you.
* * * LOW HITPOINT WARNING * * *
The grasping roots constrict you.
You escape the roots grasp.
The lemure attacks as you move away! You block the lemure's attack.
The lemure attacks as you move away! You block the lemure's attack.
The lemure barely misses you.
The air fills with toxic fumes!
As you read the scroll labelled GIFEOS WIDECHI, it crumbles to dust.
It was a scroll of poison.
You block the lemure's attack.
Unknown command.
As you read the scroll labelled DYBBAB SIUSHUN, it crumbles to dust.
You hear a loud clanging noise!
It was a scroll of noise.
You hear a shout! x3
The lemure hits you.
* * * LOW HITPOINT WARNING * * *
Unknown command.
Blink to where?
Press: ? - help, Dir - move target, f - you Are you sure you want to cancel this blink?
Blink to where?
Press: ? - help, Dir - move target Really blink into that cloud of poison gas?
As you read the scroll labelled QAVULU UNEO, it crumbles to dust.
It was a scroll of blinking.
z - a scroll of blinking;
t - a +0 pair of gloves (worn)
You are engulfed in poison gas.
You are lethally poisoned!
* * * LOW HITPOINT WARNING * * *
You die...

.........####.....#....#
########.########..(...#
#...# ###....# ###.##
#.....# #..# #...§§#
##<## #..§§.# #..#
##§§..# ##.######§...#
#..@§##§....#
####§§§.....# #§§#.....#
##§##....# ##5###...#
#55# #### #5K# ##K§#
#§§§#


You could see 2 lemures.

Vanquished Creatures
  4 adders
  4 gnolls (D:3)
  A shadow imp (D:3)
  2 worms (D:2)
  A dart slug (D:1)
  An orc (D:3)
  4 bats
  5 endoplasms
  2 giant cockroaches (D:2)
  7 goblins
  7 hobgoblins
  4 jackals (D:1)
  2 quokkas
  6 ball pythons
  4 frilled lizards
  7 kobolds
  8 rats
69 creatures vanquished.

Notes
Turn   | Place    | Note
-------+----------+-------------------------------------------
     0 | D:1      | Flugslaktarn the Minotaur Fighter began the quest for the
                  | Orb.
     0 | D:1      | Reached XP level 1. HP: 19/19 MP: 0/0
   134 | D:1      | Reached XP level 2. HP: 24/27 MP: 1/1
   564 | D:1      | Reached XP level 3. HP: 30/33 MP: 2/2
   971 | D:2      | Reached XP level 4. HP: 36/40 MP: 3/3
  1409 | D:3      | Found a broken altar of Ashenzari.
  1628 | D:3      | Found a faded altar of an unknown god.
  1848 | D:3      | Reached XP level 5. HP: 45/47 MP: 4/4
  2351 | D:4      | Noticed Pikel
  2351 | D:4      | Noticed a lemure
  2352 | D:4      | Noticed a lemure
  2353 | D:4      | Noticed a lemure
  2353 | D:4      | Noticed a lemure
  2370 | D:4      | HP: 2/47 [cloud of poison gas (7)]
  2370 | D:4      | Succumbed to their own poison gas

Illustrated notes

Levels and vault maps discovered:
D:1:      dpeg_arrival_windows_large_door, layout_basic, st_stairs_2
D:2:      layout_basic, moated_statue, minmay_increasing_density
D:3:      layout_loops_ring, ashenzari_conservatory_becter,
          hellmonk_ecumenical_altar_crossroads
D:4:      layout_rooms, uniq_crazy_yiuf_cottage, uniq_pikel, uniq_robin

Skill      XL: |  1  2  3  4 |
---------------+-------------+-----
Axes           | 3 4 |  4.5
Fighting       | 4 |  4.5
Shields        | 4 |  4.5
Armour         | 4 |  4.5

Action                     |  1- 3 |  4- 6 || total
---------------------------+-------+-------++-------
  Melee: War axe           |    76 |    53 ||   129
         Headbutt          |     7 |     6 ||    13
    Use: Scroll            |       |     4 ||     4
         Potion            |       |     1 ||     1
 Armour: Scale mail        |    43 |    27 ||    70
  Dodge: Dodged            |    53 |    33 ||    86
  Block: Buckler           |    22 |    10 ||    32
         Kite shield       |       |     7 ||     7

Table legend: (Time is in decaauts)
 A = Elapsed time spent in this place.
 B = Non-inter-level travel time spent in this place.
 C = Inter-level travel time spent in this place.
 D = Time resting spent in this place.
 E = Time spent auto-exploring this place.
 F = Levels seen in this place.
 G = Mean time per level.
                   A        B        C        D        E       F      G
               +--------+--------+--------+--------+--------+-----+--------+
         Total |   2416 |   2273 |    143 |     64 |   1801 |   4 |  604.0 |
       Dungeon |   2416 |   2273 |    143 |     64 |   1801 |   4 |  604.0 |
               +--------+--------+--------+--------+--------+-----+--------+

Top non-repeatable levels by time:
     D:3: 893 daAuts
     D:2: 783 daAuts
     D:1: 654 daAuts
     D:4: 85 daAuts
